 Dungeon Crawl Stone Soup version 0.15-a0-1485-g692b94f (console) character file.

31 Sabretooth the Scratcher (level 3, -8/17 HPs)
             Began as a Felid Fighter on June 14, 2014.
             Mangled by a gnoll
             ... wielding a +0,+0 spear
              (9 damage)
             ... on Level 2 of the Dungeon.
             The game lasted 00:02:22 (465 turns).

Sabretooth the Scratcher (Felid Fighter)             Turns: 465, Time: 00:02:22

HP  -8/17        AC  1     Str 18      XL: 3   Next:  7%
MP   5/5         EV 19     Int  9      God:
Gold 52          SH  0     Dex 15      Spells:  0 memorised,  2 levels left
Lives: 0, deaths: 0

rFire  . . .     SeeInvis +       - Unarmed
rCold  . . .     Clarity  .     (armour unavailable)
rNeg   . . .     rCorr    .     (shield unavailable)
rPois  .         rRot     .     (helmet unavailable)
rElec  .         Spirit   .     (cloak unavailable)
SustAb .         Warding  .     (gloves unavailable)
rMut   +         Stasis   .     (boots unavailable)
Gourm  .                        e - amulet of resist mutation
MR     .....                    (no ring)
                                h - ring of regeneration

@: mighty, quick, not resistant to hostile enchantments, unstealthy
A: paw claws, no armour, no weapons or thrown items, fangs 3, see invisible,
carnivore 3, speed 1, shaggy fur 1, slow metabolism 1, jump 1
a: Jump Attack


You were on level 2 of the Dungeon.
You were very full.

You visited 1 branch of the dungeon, and saw 3 of its levels.

You collected 52 gold pieces.

Inventory:

Comestibles
 d - a meat ration
Scrolls
 c - a scroll of magic mapping {unknown}
 f - a scroll of enchant weapon II {unknown}
 g - a scroll of identify {unknown}
 i - a scroll of remove curse {unknown}
Jewellery
 e - an amulet of resist mutation (around neck)
 h - a ring of regeneration (left paw)
Potions
 a - a potion of degeneration {unknown}
 b - a potion of lignification {unknown}
 j - a potion of flight {unknown}
 k - a potion of resistance {unknown}


   Skills:
 - Level 3.0 Fighting
 - Level 4.0 Dodging
 + Level 5.0 Unarmed Combat


You had 2 spell levels left.
You didn't know any spells.

Dungeon Overview and Level Annotations

Branches:
Dungeon (3/15)

Altars:


Innate Abilities, Weirdness & Mutations

You cannot wear armour.
You are incapable of wielding weapons or throwing items.
Your paws have sharp claws.
You have razor-sharp teeth.
You have supernaturally acute eyesight.
You are carnivorous and can eat meat at any time.
You cover ground quickly.
You are covered in fur (AC +1).
You have a slow metabolism.
You can jump attack at a short distance.


Message History

Sabretooth's ghost is severely damaged.
Sabretooth's ghost completely misses you.
You claw Sabretooth's ghost!
You destroy Sabretooth's ghost!
Your Unarmed Combat skill increases to level 5!
You have reached level 3!
Your experience leads to an increase in your attributes!
Increase (S)trength, (I)ntelligence, or (D)exterity?
You feel stronger.
e - a dented silver amulet Put on which piece of jewellery? (? for menu, Esc to quit)
e - an amulet of resist mutation (around neck)
You see here a robe.
There is a stone staircase leading up here.
You climb upwards.
The gnoll hits you with a halberd!
Ouch! That really hurt!
* * * LOW HITPOINT WARNING * * *
The gnoll hits you with a spear!
Ouch! That really hurt!
You die...

#.# #.###.# ..##.#
#+###### ####.##.#
.......# #...$.#.#
.......# #...#.#.#
.......# #...#...#
.......###...##..#####
.......'.'......@g...#
.......###...###.g...#
.......# #...# #.....#
######## #...# #.....#
#...# #.....# #####
#[....# #.....# #.....
###


You could see 2 gnolls.

Vanquished Creatures
  The ghost of Sabretooth the Changer, a weakling FeTm (D:3)
  A giant gecko (D:2)
  2 hobgoblins (D:1)
  2 jackals (D:2)
  3 kobolds
  An ooze (D:1)
  A quokka (D:3)
  2 bats
  A giant cockroach (D:1)
  A giant newt (D:2)
  A rat (D:2)
16 creatures vanquished.

Notes
Turn   | Place    | Note
--------------------------------------------------------------
     0 | D:1      | Sabretooth, the Felid Fighter, began the quest for the Orb.
     0 | D:1      | Reached XP level 1. HP: 10/10 MP: 2/2
   221 | D:1      | Reached XP level 2. HP: 1/14 MP: 3/3
   438 | D:3      | Noticed Sabretooth's ghost (weakling FeTm)
   444 | D:3      | Killed Sabretooth's ghost
   444 | D:3      | Reached skill level 5 in Unarmed Combat
   444 | D:3      | Reached XP level 3. HP: 17/17 MP: 5/5
   465 | D:2      | Mangled by a gnoll

Action                   || total
-------------------------++-------
Melee: Unarmed           ||    45
  Use: Potion            ||     1
 Stab: Sleeping          ||     1
